cohdb
Replays
Latest Replays
All Replays
Popular Replays
Top Player Replays
Match Explorer
How It Works
Community
CoH3 Stats
Reddit
Sign in to upload your games and track your stats! →
Sign in with Steam
Match 45325901
Unlisted
Match 45325901
Overview
Messages
Build Orders
End
Construct Barracks
Riflemen Squad
Riflemen Squad
Grenade Package
Riflemen Squad
Selects Armored Battlegroup
Selects Armored Battlegroup
Selects Veteran Crews
Mechanized Support Center
Construct Motor Pool
saint087
C.R575
.
Belfegor ๏̯͡๏
The101stAirBorne ITA
낭만개미
BamboneWertherone ITA
Capibimbambombolilalone ITA
0
0
Comments
sign in to comment!
No comments posted yet!